 Dungeon Crawl Stone Soup version 0.18.1-8-gdd0e5ea (webtiles) character file.

718 Krapule the Slinger (level 8, -2/52 HPs)
             Began as a Halfling Hunter on May 27, 2016.
             Was an Initiate of Dithmenos.
             Slain by a killer bee zombie (4 damage)
             ... on level 5 of the Dungeon.
             The game lasted 00:23:05 (4226 turns).

Krapule the Slinger (Halfling Hunter)               Turns: 4226, Time: 00:23:08

Health: -2/52      AC: 12    Str: 12    XL:     8   Next: 1%
Magic:  8/8        EV: 15    Int: 10    God:    Dithmenos [......]
Gold:   218        SH:  0    Dex: 17    Spells: 0 memorised, 7 levels left

rFire  . . .     SeeInvis .     b - +0 rapier
rCold  . . .     Gourm    .     j - +1 ring mail
rNeg   . . .     Faith    .     (shield restricted)
rPois  .         Spirit   .     (no helmet)
rElec  .         Dismiss  .     (no cloak)
rCorr  .         Reflect  .     n - +2 pair of gloves
SustAt .         Harm     .     (no boots)
MR     .....                    (no amulet)
Stlth  +.........               (no ring)
                                o - +3 ring of protection

@: not resistant to hostile enchantments, very unstealthy
A: mutation resistance 1
a: Renounce Religion


You were on level 5 of the Dungeon.
You worshipped Dithmenos.
Dithmenos was noncommittal.
You were not hungry.

You visited 2 branches of the dungeon, and saw 7 of its levels.

You collected 218 gold pieces.

Inventory:

Hand Weapons
 a - a +1 hunting sling
 b - a +0 rapier (weapon)
Missiles
 d - 105 sling bullets
 e - 52 stones (quivered)
Armour
 j - a +1 ring mail (worn)
 n - a +2 pair of gloves (worn)
Jewellery
 o - a +3 ring of protection (left hand)
 r - an uncursed ring of wizardry
 C - an uncursed ring of fire
Wands
 s - a wand of iceblast (7/15)
Scrolls
 h - 2 scrolls of remove curse
 m - a scroll of enchant armour
 p - a scroll of identify
 t - 2 scrolls of fear
 x - a scroll of recharging
Potions
 c - 2 potions of beneficial mutation {unknown}
 k - a potion of lignification {unknown}
 q - 8 potions of curing
 u - a potion of invisibility {unknown}
 B - a potion of might {unknown}
 E - a potion of flight {unknown}
Books
 g - a Fen Folio

   Spells                             Type                      Level
   a - Corpse Rot                     Necromancy                   2
   b - Stone Arrow                    Conjuration/Earth            3
   c - Leda's Liquefaction            Hexes/Earth                  4
   d - Summon Forest                  Summoning/Translocation      5
   e - Hydra Form                     Transmutation                6
   f - Summon Hydra                   Summoning                    7
Comestibles
 f - 2 bread rations
 i - a slice of pizza
 z - 4 meat rations


   Skills:
 + Level 3.2 Fighting
 + Level 3.1 Short Blades
 * Level 8.8 Slings
 + Level 3.1 Armour
 + Level 4.0 Dodging
 + Level 3.4 Stealth
 + Level 1.2 Invocations


You had 7 spell levels left.
You didn't know any spells.

Dungeon Overview and Level Annotations

Branches:
Dungeon (6/15)             Temple (1/1) D:6

Altars:
Ashenzari
Dithmenos
Gozag
Makhleb
Nemelex Xobeh
Qazlal
Ru
Sif Muna
Trog
Vehumet
Xom
Yredelemnul
Zin
The Shining One

Portals:
Sewer: D:5


Innate Abilities, Weirdness & Mutations

You are small and have problems with some larger weapons.
You are somewhat resistant to further mutation.


Message History

The killer bee zombie hits you.
A giant gecko comes into view.
The killer bee zombie hits you but does no damage.
The orc priest invokes the aid of Beogh against you.
Beogh smites you!
* * * LOW HITPOINT WARNING * * *
The killer bee zombie hits you.
* * * LOW HITPOINT WARNING * * *
The giant cockroach waves its antennae.
Found a glowing drain.
An orc comes into view.
Read which item? (? for menu, Esc to quit)
Okay, then.
You enter the shallow water.
Moving in this stuff is going to be slow.
The killer bee zombie hits you!
* * * LOW HITPOINT WARNING * * *
The killer bee zombie barely misses you.
The killer bee zombie hits you.
You die...

...#.o........#
..o(.....>...o#
.........l.....#
...............#
........$....o.#
...(....[...lo.#
#########......#
#########s.#
≈≈≈≈≈≈≈@Z..#
≈≈≈∩≈≈≈≈l..#
≈≈≈≈≈≈≈≈.###
##########


You could see a killer bee zombie, a giant gecko and a giant cockroach.

Vanquished Creatures
  3 giant frogs (D:6)
  A howler monkey (D:6)
  2 crimson imps (D:6)
  A giant frog zombie (D:6)
  A hound (D:6)
  3 orc priests (D:4)
  An orc wizard (D:3)
  2 iguanas
  8 adders
  A shadow imp (D:6)
  An adder skeleton (D:6)
  4 worms
  A dart slug (D:3)
  4 giant geckos
  9 orcs
  6 bats
  4 giant cockroaches
  14 goblins
  4 hobgoblins
  10 kobolds
  3 quokkas
  A giant cockroach zombie (D:6)
  A giant gecko skeleton (D:6)
  3 giant newts
  5 rats
93 creatures vanquished.

Notes
Turn   | Place    | Note
--------------------------------------------------------------
     0 | D:1      | Krapule the Halfling Hunter began the quest for the Orb.
     0 | D:1      | Reached XP level 1. HP: 14/14 MP: 1/1
    38 | D:1      | Reached skill level 6 in Slings
    69 | D:1      | Reached XP level 2. HP: 19/19 MP: 2/2
   145 | D:1      | Reached skill level 1 in Short Blades
   658 | D:1      | Reached XP level 3. HP: 24/24 MP: 3/3
  1219 | D:2      | Reached XP level 4. HP: 29/29 MP: 4/4
  1280 | D:2      | Reached skill level 1 in Armour
  1887 | D:3      | Reached XP level 5. HP: 35/35 MP: 5/5
  1902 | D:3      | Reached skill level 7 in Slings
  2829 | D:4      | Reached XP level 6. HP: 28/41 MP: 6/6
  3255 | D:4      | You fall through a shaft for 2 floors!
  3475 | D:6      | Reached skill level 8 in Slings
  3475 | D:6      | Reached XP level 7. HP: 44/45 MP: 7/7
  3527 | D:6      | Found a bloodstained altar of Trog.
  3609 | D:6      | Found a staircase to the Ecumenical Temple.
  3623 | Temple   | Entered the Ecumenical Temple
  3685 | Temple   | Became a worshipper of Dithmenos the Shadowed
  3816 | D:6      | Noticed a yak
  3999 | D:6      | Reached skill level 1 in Invocations
  4103 | D:5      | Entered Level 5 of the Dungeon
  4188 | D:6      | Reached XP level 8. HP: 51/52 MP: 8/8
  4224 | D:5      | Found a glowing drain.
  4226 | D:5      | HP: 2/52 [killer bee zombie (7)]
  4226 | D:5      | Slain by a killer bee zombie

Skill      XL: |  1  2  3  4  5  6  7 |
---------------+----------------------+-----
Slings         | 6 7 8 |  8.8
Short Blades   | 1 2 3 |  3.1
Fighting       | 2 3 |  3.2
Armour         | 1 2 3 |  3.1
Dodging        | 3 4 |  4.0
Stealth        | 2 3 |  3.4
Invocations    | 1 |  1.2

Action                   |  1- 3 |  4- 6 |  7- 9 || total
-------------------------+-------+-------+-------++-------
Melee: Short sword       |    18 |       |       ||    18
       Rapier            |       |   136 |   111 ||   247
 Fire: Hunting sling     |    78 |   189 |    22 ||   289
Evoke: Wand              |       |     4 |       ||     4
  Use: Scroll            |       |       |    11 ||    11
  Eat: Chunk             |     1 |     7 |     2 ||    10
Armor: Ring mail         |     6 |    56 |    57 ||   119
Dodge: Dodged            |    10 |    97 |   129 ||   236
